Map: Blackburn LE

Players

DPGZest (Zest)

  • Race: Protoss Protoss

Trap - Winner!

  • Race: Protoss Protoss
  • League: Master

Event: TSL 7

VOD

Have the link to the VOD?

Description

Time

  • Played on: June 26, 2021, 10:04 a.m.
  • Length: 7:55

All games in this series

Show
View Real Time Build Order
Export as new Build Order

DPGZest Protoss 

Build Orders: Oracle Opening, Zealot Archon, Dark Templar Rush 

Get SALT Encoding   

  12  0:00  Probe  
  13  0:12  Probe  
  14  0:17  Pylon  
  14  0:24  Probe (Chrono Boost)  
  15  0:36  Probe (Chrono Boost)  
  15  0:38  Gateway  
  16  0:44  Probe (Chrono Boost)  
  16  0:46  Assimilator  
  17  0:51  Probe  
  18  1:03  Probe (Chrono Boost)  
  19  1:04  Assimilator  
  19  1:06  Pylon  
  19  1:13  Probe (Chrono Boost)  
  19  1:18  Probe (Chrono Boost)  
  21  1:26  Cybernetics Core  
  21  1:29  Probe  
  21  1:31  Zealot  
  24  1:41  Probe  
  25  1:53  Probe  
  26  2:08  Stargate  
  26  2:15  Nexus  
  26  2:20  Warp Gate  
  26  2:21  Probe  
  27  2:33  Probe  
  29  2:37  Pylon  
  27  2:45  Probe  
  27  2:48  Oracle (Chrono Boost)  
  31  2:58  Probe  
  32  3:00  Twilight Council  
  32  3:04  Pylon  
  32  3:10  Probe  
  32  3:11  Gateway  
  33  3:16  Pylon  
  33  3:29  Probe (Chrono Boost)  
  33  3:34  Probe (Chrono Boost)  
  35  3:38  Probe (Chrono Boost)  
  37  3:42  Probe (Chrono Boost)  
  37  3:43  Probe, Dark Shrine  
  37  3:46  Gateway  
  35  3:52  Probe (Chrono Boost)  
  36  3:56  Probe (Chrono Boost)  
  37  4:06  Assimilator  
  37  4:08  Probe (Chrono Boost), Adept  
  37  4:09  Adept  
  43  4:10  Probe (Chrono Boost)  
  43  4:11  Assimilator  
  43  4:13  Blink (Chrono Boost)  
  43  4:15  Probe (Chrono Boost)  
  45  4:17  Probe (Chrono Boost)  
  45  4:23  Probe  
  46  4:29  Probe  
  47  4:35  Probe, Forge  
  48  4:41  Probe  
  49  4:47  Probe  
  48  4:52  Nexus  
  48  4:57  Dark Templar  
  48  4:59  Protoss Ground Weapons Level 1 (Chrono Boost)  
  48  5:00  Dark Templar  
  50  5:11  Pylon  
  50  5:13  Stalker  
  52  5:24  Archon  
  52  5:27  Probe x2  
  54  5:32  Shield Battery  
  54  5:33  Shield Battery  
  54  5:35  Stalker x2  
  58  5:37  Sentry  
  60  5:43  Shield Battery  
  60  5:56  Gateway  
  60  5:58  Gateway  
  60  6:00  Gateway  
  60  6:01  Sentry  
  62  6:04  Probe x2  
  62  6:05  Sentry  
  62  6:07  Probe  
  67  6:13  Pylon  
  67  6:16  Probe x2  
  69  6:19  Probe, Robotics Facility  
  70  6:28  Probe x2, Stalker x2  
  76  6:37  Pylon  
  76  6:38  Probe  
  77  6:40  Probe  
  77  6:41  Probe  
  79  6:53  Stalker x3  
  85  6:57  Pylon  
  85  6:59  Pylon  
  85  7:06  Stalker x2  
  77  7:18  Probe  
  77  7:21  Stalker x3  
  69  7:23  Probe  
  62  7:31  Stalker x2  
  62  7:32  Probe  
  61  7:37  Probe x2  
Show
View Real Time Build Order
Export as new Build Order

Trap Protoss - Winner!

Build Orders: Phoenix Opening, Blink Stalkers 

Get SALT Encoding   

  12  0:00  Probe  
  13  0:12  Probe  
  14  0:18  Pylon  
  14  0:24  Probe  
  15  0:36  Probe (Chrono Boost)  
  15  0:39  Gateway  
  16  0:46  Probe (Chrono Boost)  
  16  0:47  Assimilator  
  17  0:51  Probe (Chrono Boost)  
  18  1:03  Probe (Chrono Boost)  
  19  1:04  Assimilator  
  19  1:06  Pylon  
  19  1:15  Probe (Chrono Boost)  
  20  1:20  Probe (Chrono Boost)  
  21  1:27  Cybernetics Core  
  21  1:29  Probe  
  22  1:33  Zealot  
  24  1:41  Probe  
  25  1:53  Probe  
  26  1:58  Pylon  
  26  2:04  Sentry, Warp Gate  
  28  2:15  Nexus  
  28  2:19  Probe  
  28  2:30  Stalker  
  28  2:36  Pylon  
  31  2:37  Probe, Phoenix  
  31  2:47  Twilight Council  
  31  2:54  Probe  
  32  3:00  Stalker  
  34  3:06  Probe  
  34  3:07  Shield Battery  
  35  3:18  Probe  
  36  3:22  Gateway  
  36  3:28  Blink  
  36  3:32  Probe (Chrono Boost)  
  36  3:34  Probe (Chrono Boost)  
  37  3:44  Probe (Chrono Boost)  
  37  3:46  Probe (Chrono Boost)  
  39  3:51  Probe x2 (Chrono Boost)  
  39  3:52  Sentry  
  43  3:55  Forge  
  43  3:58  Probe (Chrono Boost)  
  45  4:05  Probe (Chrono Boost)  
  45  4:07  Robotics Facility  
  46  4:10  Probe (Chrono Boost)  
  46  4:14  Probe (Chrono Boost)  
  46  4:15  Probe (Chrono Boost)  
  48  4:21  Stalker, Sentry  
  48  4:23  Assimilator  
  52  4:24  Probe  
  52  4:26  Protoss Ground Weapons Level 1 (Chrono Boost)  
  52  4:29  Probe, Pylon  
  54  4:47  Probe x2  
  54  4:51  Stalker x2  
  59  4:59  Probe x2  
  61  5:01  Observer (Chrono Boost)  
  61  5:04  Nexus  
  62  5:07  Pylon  
  62  5:12  Pylon  
  60  5:14  Observer (Chrono Boost)  
  61  5:22  Pylon  
  61  5:27  Stalker x2  
  65  5:34  Immortal (Chrono Boost)  
  65  5:37  Pylon  
  65  5:39  Probe x2  
  71  5:50  Gateway  
  71  5:51  Assimilator  
  71  5:52  Gateway  
  71  5:58  Stalker x2  
  75  6:05  Warp Prism (Chrono Boost)  
  77  6:12  Gateway  
  77  6:19  Photon Cannon  
  77  6:25  Stalker x2  
  81  6:28  Probe x2  
  81  6:29  Probe  
  84  6:34  Pylon  
  84  6:35  Observer  
  84  6:45  Zealot  
  86  6:52  Probe  
  86  6:53  Probe x2  
  89  6:55  Pylon  
  89  7:06  Stalker x5  
  99  7:12  Warp Prism  
  99  7:13  Probe  
  99  7:14  Probe x2  
  88  7:26  Probe  
  88  7:29  Stalker x4  
  91  7:32  Probe x2  
  87  7:38  Probe  
Tags
 
Add a new tag
Caveats
  • Supply blocks, unpowered buildings, or Contaminate may cause inaccurate times.
  • Supply counts are checked every 10 seconds.